 Dungeon Crawl Stone Soup version 0.14-a0-2080-ge317583 (webtiles) character file.

57 Jenx the Exhumer (level 2, -1/22 HPs)
             Began as a Demonspawn Death Knight on Jan 24, 2014.
             Was a Follower of Yredelemnul.
             Slain by Sigmund
             ... wielding a +0,+0 scythe
              (11 damage)
             ... on Level 2 of the Dungeon.
             The game lasted 00:02:00 (1102 turns).

Jenx the Exhumer (Demonspawn Death Knight)          Turns: 1102, Time: 00:02:01

HP  -1/22        AC  5     Str 13      XL: 2   Next: 86%
MP   4/4         EV 10     Int 12      God: Yredelemnul [*.....]
Gold 32          SH  0     Dex 12      Spells:  0 memorised,  1 level left

rFire  . . .     SeeInvis .     a - +1 spear
rCold  . . .     Clarity  .     b - +0 leather armour
rNeg   . . .     Conserve .     (no shield)
rPois  .         rCorr    .     (no helmet)
rElec  .         rRot     .     (no cloak)
SustAb . .       Spirit   .     (no gloves)
rMut   .         Warding  .     (no boots)
Saprov . . .     Stasis   .     (no amulet)
MR     .....                    (no ring)
                                (no ring)

@: not resistant to hostile enchantments, very unstealthy
A: yellow scales 1
a: Animate Remains, Renounce Religion


You were on level 2 of the Dungeon.
You worshipped Yredelemnul.
Yredelemnul was aware of your devotion.
You were very hungry.

You visited 1 branch of the dungeon, and saw 2 of its levels.

You collected 32 gold pieces.

Inventory:

Hand weapons
 a - a +1,+1 spear (weapon)
Armour
 b - a +0 leather armour (worn)
 g - a +0 large shield
Comestibles
 c - a bread ration
 j - a meat ration
Scrolls
 d - 5 scrolls of identify {unknown}
 f - a scroll of noise {unknown}
 l - a scroll of remove curse {unknown}
 n - a scroll of recharging {unknown}
Jewellery
 e - a cursed -2 ring of strength {unknown}
Potions
 h - 2 potions of brilliance {unknown}
 k - a potion of invisibility {unknown}


   Skills:
 - Level 2.0 Fighting
 * Level 2.8 Polearms
 - Level 0.8 Armour
 - Level 0.8 Dodging
 - Level 4.1 Invocations


You had one spell level left.
You didn't know any spells.

Dungeon Overview and Level Annotations

Branches:
Dungeon (2/16)

Altars:

Annotations:
D:2 Sigmund


Innate Abilities, Weirdness & Mutations

You are partially covered in yellow scales (AC +2).


Message History

Are you sure you want to stumble around while confused and next to your kobold zombie?
Okay, then.
The adder bites you but does no damage. The quokka closely misses you.
The adder barely misses you.
The quokka bites you but does no damage.
Are you sure you want to stumble around while confused and next to your kobold zombie? (Use ctrl+direction to attack without moving) [Y]es or [N]o only, please.
Are you sure you want to stumble around while confused and next to your kobold zombie? (Use ctrl+direction to attack without moving)
Okay, then.
Something hits you. The adder closely misses you.
The quokka bites you but does no damage.
You feel less confused. The adder bites you but does no damage.
Something hits you. The quokka closely misses you. The adder bites you.
The adder closely misses you.
The quokka bites you but does no damage.
Something hits you!
Ouch! That really hurt!
You die...
Your body rises from the dead as a mindless zombie.

...#......####.####....
..............>..........
....#.....................
................r......#.#
(..##......##..........#.#
#......##............#
#......##............#
#....zr##............#
##....@..........<...#
####S###########....# #{#
#....# #.......# #.##.#
#.......# #z# .# #.......#
#)# # .......... #.##.#.
#......... #).....
......... #......


You could see an adder, a quokka and a friendly kobold zombie.

Vanquished Creatures
  A goblin (D:1)
  6 hobgoblins
  2 jackals (D:1)
  A ball python (D:1)
  A bat (D:1)
  3 kobolds
  2 rats (D:1)
16 creatures vanquished.

Vanquished Creatures (collateral kills)
  A goblin (D:1)
  A hobgoblin (D:1)
  A jackal (D:1)
  A giant newt (D:1)
  2 kobolds (D:1)
  2 rats (D:1)
8 creatures vanquished.

Vanquished Creatures (others)
  2 jackal zombies (D:1)
  A kobold zombie (D:1)
3 creatures vanquished.

Grand Total: 27 creatures vanquished

Notes
Turn   | Place    | Note
--------------------------------------------------------------
     0 | D:1      | Jenx, the Demonspawn Death Knight, began the quest for the Orb.
     0 | D:1      | Reached XP level 1. HP: 16/16 MP: 2/2
   226 | D:1      | Gained mutation: You are partially covered in yellow scales (AC +2). [demonic ancestry]
   226 | D:1      | Reached XP level 2. HP: 15/22 MP: 4/4
   271 | D:1      | Reached skill level 4 in Invocations
  1091 | D:2      | Noticed Sigmund
  1102 | D:2      | Slain by Sigmund

Action                   || total
-------------------------++-------
Melee: Spear             ||    51
Invok: Animate Remains   ||     5
